 Dungeon Crawl Stone Soup version 0.30-a0-1164-ge08a67761e (webtiles) character file.

Game seed: 6699178569207171121

9401 Jeffwins the Slicer (level 11, -4/81 HPs)
             Began as a Human Wanderer on Apr 29, 2023.
             Was a Believer of Vehumet.
             Slain by a cane toad (20 damage)
             ... on level 1 of the Lair of Beasts.
             The game lasted 00:19:59 (9902 turns).

Jeffwins the Slicer (Human Wanderer)                Turns: 9902, Time: 00:20:00

Health: -4/81      AC:  8    Str: 15    XL:     11   Next: 73%
Magic:  20/26      EV: 14    Int: 13    God:    Vehumet [**....]
Gold:   604        SH:  5    Dex: 16    Spells: 10/18 levels left

rFire   . . .        a - +2 dagger (venom)
rCold   + + .        (no shield)
rNeg    + . .        D - +2 robe "Jyetyfroa" {rC+ Regen+ rCorr MP+9}
rPois   .            V - +1 hat
rElec   .            O - +0 cloak
rCorr   +            d - +0 pair of gloves
SInv    .            F - +0 pair of boots
Will    .....        T - amulet of reflection
Stlth   ++++         N - ring of positive energy
HPRegen 1.13/turn    R - ring of resist corrosion
MPRegen 0.20/turn

%: reflection
@: lethally poisoned (-4 -> -6)
A: horns 1, agile 1, cold resistance 1
a: Renounce Religion


You were on level 1 of the Lair of Beasts.
You worshipped Vehumet.
Vehumet was pleased with you.
You visited 3 branches of the dungeon, and saw 13 of its levels.
You also visited: Ossuary.

You collected 908 gold pieces.
You spent 304 gold pieces at shops.


Innate Abilities, Weirdness & Mutations

You have a pair of small horns on your head.
You are agile. (Dex +4, Str/Int -1)
Your flesh is cold resistant. (rC+)


   Skills:
 + Level 6.2 Fighting
 * Level 9.3 Short Blades
 - Level 2.0 Axes
 + Level 6.8 Throwing
 - Level 1.0 Armour
 + Level 4.6 Dodging
 + Level 7.0 Stealth
 * Level 4.4 Spellcasting
 * Level 1.0 Conjurations
 * Level 5.2 Air Magic
 * Level 5.3 Poison Magic
 + Level 1.2 Evocations


You had 10 spell levels left.
You knew the following spells:

 Your Spells              Type           Power      Damage    Failure   Level
o - Olgreb's Toxic Radia  Pois           16%        N/A       22%         4
p - Poisonous Vapours     Pois/Air       32%        N/A       3%          2
z - Static Discharge      Conj/Air       22%        2-3/arc   9%          2

Your spell library contained the following spells:

 Spells                   Type           Power      Damage    Failure   Level
 Sting                    Tmut/Pois      36%        1d4       7%          1
 Apportation              Tloc           4%         N/A       21%         1
 Beastly Appendage        Tmut           4%         N/A       21%         1
 Spider Form              Tmut/Pois      9%         N/A       21%         3
 Sublimation of Blood     Necr           2%         N/A       30%         2
 Wereblood                Tmut           2%         N/A       30%         2
 Ozocubu's Armour         Ice            2%         N/A       52%         3
 Alistair's Intoxication  Tmut/Pois      6%         N/A       88%         5
 Petrify                  Tmut/Erth      2%         N/A       89%         4
 Irradiate                Conj/Tmut      2%         3d12      99%         5
 Metabolic Englaciation   Hex/Ice        1%         N/A       99%         5
 Simulacrum               Ice/Necr       1%         N/A       100%        6

Inventory:

Hand Weapons
 a - a +2 dagger of venom (weapon)
 b - a +1 dagger of draining
 c - a +0 hand axe
 A - a +2 dagger
 J - a +3 long sword
 U - a +0 scimitar of flaming
Missiles
 n - 2 curare-tipped darts (quivered) {=f}
 y - 15 poisoned darts
Armour
 d - a +0 pair of gloves (worn)
 l - +0 acid dragon scales
 q - the +1 leather armour of the Garden {Harm MP+9}
   (You found it on level 3 of the Dungeon)

   MP:        It affects your magic capacity (+9).
   Harm:      It increases damage dealt and taken.
 D - the +2 robe "Jyetyfroa" (worn) {rC+ Regen+ rCorr MP+9}
   (You found it on level 2 of the Dungeon)

   rC:        It protects you from cold.
   MP:        It affects your magic capacity (+9).
   Regen:     It increases your rate of health regeneration.
   rCorr:     It protects you from acid and corrosion.
 F - a +0 pair of boots (worn)
 H - a +2 robe of willpower
 O - a +0 cloak (worn)
 V - a +1 hat (worn)
 W - a +0 troll leather armour
 X - +0 steam dragon scales
Jewellery
 g - an amulet of regeneration
 G - an amulet of guardian spirit
 N - a ring of positive energy (left hand)
 R - a ring of resist corrosion (right hand)
 T - an amulet of reflection (around neck)
Wands
 P - a wand of digging (9)
 Y - a wand of flame (22)
Scrolls
 e - a scroll of blinking
 i - 2 scrolls of teleportation {@r4}
 k - 3 scrolls of enchant armour
 m - 3 scrolls of fear
 p - 4 scrolls of fog
 r - 3 scrolls of magic mapping
 s - 3 scrolls of poison {!r}
 t - 2 scrolls of immolation {!r}
 B - 3 scrolls of amnesia
 C - 2 scrolls of brand weapon
 E - a scroll of enchant weapon
 I - a scroll of vulnerability {!r}
 L - 3 scrolls of identify {@r1}
 M - a scroll of butterflies
Potions
 f - 5 potions of attraction {!q}
 h - 7 potions of lignification {unknown}
 j - a potion of ambrosia {unknown}
 o - 5 potions of curing {@q1}
 u - a potion of berserk rage {unknown}
 v - 4 potions of heal wounds {@q2}
 w - 2 potions of might {unknown}
 x - a potion of mutation {!q}
 z - 2 potions of flight {unknown}
 K - a potion of resistance
 Q - 2 potions of brilliance

Dungeon Overview and Level Annotations

Branches:
Dungeon (11/15)            Temple (1/1) D:6            Lair (1/5) D:9
    Orc (0/2) D:10        Ossuary (visited)

Altars:
Ashenzari
Cheibriados
Dithmenos
Elyvilon
Fedhas
Gozag
Hepliaklqana
Kikubaaqudgha
Makhleb
Nemelex Xobeh
Okawaru
Qazlal
Ru
Sif Muna
Trog
Uskayaw
Vehumet
Wu Jian
Xom
Yredelemnul
Zin
The Shining One

Shops:
D:2 ( D:10

? #... #.#F
## #.#. P#
... .## #
..## ..
...#.#..# .#
........##.##
#.#@..#
#.F.##.#
#...##.# #
#..#$#.# .###
#......# ...
#.#....# #..
#.#.#### ..#
#.#.#
#.##...###


You could see a cane toad.


Message History

* * * LOW HITPOINT WARNING * * *
The cane toad is struck by an arc of lightning.
The cane toad is heavily wounded.
You are struck by an arc of lightning.
* * * LOW HITPOINT WARNING * * *
The lightning grounds out.
You feel very sick. The cane toad barely misses you.
Casting: Static Discharge (safe; 9% risk of failure)
Confirm with . or Enter, or press ? or * to list all spells.
The cane toad is struck by an arc of lightning.
The cane toad is heavily wounded.
You are struck by an arc of lightning.
* * * LOW HITPOINT WARNING * * *
The lightning grounds out.
You feel very sick. The cane toad closely misses you.
Unknown command.
Casting: Static Discharge (safe; 9% risk of failure)
Confirm with . or Enter, or press ? or * to list all spells.
The cane toad is struck by an arc of lightning.
The cane toad is heavily wounded.
You are struck by an arc of lightning.
* * * LOW HITPOINT WARNING * * *
The cane toad is struck by an arc of lightning.
The cane toad is heavily wounded.
The lightning grounds out.
You feel very sick. The cane toad stings you!!
You die...

Skill      XL: |  1  2  3  4  5  6  7  8  9 10 11 |
---------------+----------------------------------+-----
Short Blades   | 1 2 3 4 5 6 7 8 9 |  9.3
Stealth        | 1 2 3 4 5 6 7 |  7.0
Fighting       | 1 2 3 4 5 6 |  6.2
Throwing       | 3 4 5 6 |  6.8
Air Magic      | 2 4 5 |  5.2
Poison Magic   | 2 4 5 |  5.3
Spellcasting   | 3 4 |  4.4
Dodging        | 4 |  4.6
Conjurations   | 1 |  1.0
Axes           | |  2.0
Armour         | |  1.0
Evocations     | |  1.2

Action                     |  1- 3 |  4- 6 |  7- 9 | 10-12 || total
---------------------------+-------+-------+-------+-------++-------
  Melee: Dagger            |   122 |    50 |   464 |   574 ||  1210
         Headbutt          |     3 |    10 |   126 |   172 ||   311
         Punch             |       |       |     8 |    15 ||    23
         Scimitar          |       |       |       |    19 ||    19
  Throw: Dart              |       |     1 |     4 |     2 ||     7
   Cast: Static Discharge  |       |       |       |     5 ||     5
         Olgreb's Toxic Ra |       |       |       |     2 ||     2
  Evoke: Wand              |       |       |       |     4 ||     4
    Use: Scroll            |     2 |     4 |     4 |    11 ||    21
         Potion            |     2 |       |       |       ||     2
   Stab: Sleeping          |     1 |     7 |    11 |    14 ||    33
         Distracted        |       |       |       |     2 ||     2
 Armour: Leather armour    |    36 |       |       |       ||    36
         Robe              |    13 |    11 |    89 |    81 ||   194
  Dodge: Dodged            |    95 |    27 |   236 |   205 ||   563
  Block: Other             |       |       |       |    65 ||    65
         Reflection        |       |       |       |     2 ||     2

Levels and vault maps discovered:
D:1:      elethiomel_arrival_fortress_basement, layout_basic
D:2:      layout_basic, serial_shops, nicolae_shop_just_a_little_nook
D:3:      layout_basic, nicolae_wu_jian_immortal_techniques,
          mainiacjoe_overflow_alcove_2, dk_noncrumbling_4
D:4:      layout_gridville, general_overflow_altar, jmf_multi_god_temple2,
          sigmund_edmund_badplayer, uniq_eustachio
D:5:      layout_loops_cross, uniq_sigmund
D:6:      cheibrodos_helix_gallery, layout_gridville,
          mainiacjoe_overflow_small_starburst, minmay_temple_entry_purple_smoke,
          uniq_edmund
D:7:      layout_cave_pools, enter_ossuary_1, kennysheep_generic_room_2,
          uniq_pikel, uniq_crazy_yiuf_cottage, uniq_menkaure
D:8:      wad_arrow_thing, layout_basic, mainiacjoe_overflow_chevrons,
          gammafunk_temple_overflow_forgotten, uniq_erica
D:9:      layout_basic, minmay_lair_entry_grove, minivault_20,
          grunt_ministairs_3
D:10:     layout_loops_cross, mainiacjoe_overflow_paths, erik_orc_3,
          serial_shops, shop, fungi_pond_lemuel, palyth_stone_intersect,
          minmay_misc_feat_iff, uniq_maggie
D:11:     layout_basic
Temple:   chequers_temple_sunken
Lair:1:   layout_loops_ring, lemuel_fruit_tree, grunt_megastairs_3

Notes
Turn   | Place    | Note
-------+----------+-------------------------------------------
     0 | D:1      | Jeffwins the Human Wanderer began the quest for the Orb.
     0 | D:1      | Jeffwins set off with the following items: a +2 dagger, 3
                  | curare-tipped darts {=f}, a +0 hand axe, a +0 pair of
                  | gloves, a scroll of blinking, a +0 leather armour.
     0 | D:1      | Reached XP level 1. HP: 13/13 MP: 2/2
   104 | D:1      | Reached skill level 1 in Short Blades
   104 | D:1      | Reached XP level 2. HP: 11/19 MP: 3/3
   352 | D:1      | Reached skill level 1 in Stealth
   451 | D:1      | Reached XP level 3. HP: 24/24 MP: 4/4
   936 | D:2      | Gained mutation: Your flesh is cold resistant. (rC+)
                  | [potion of mutation]
   936 | D:2      | Gained mutation: You have a pair of small horns on your
                  | head. [potion of mutation]
   936 | D:2      | Gained mutation: You are agile. (Dex +4, Str/Int -1)
                  | [potion of mutation]
  1046 | D:2      | Identified the +2 robe "Jyetyfroa" {rC+ Regen+ rCorr MP+9}
  1201 | D:2      | Found Foluk's Weapon Shoppe.
  1204 | D:2      | Reached skill level 2 in Short Blades
  1310 | D:2      | Reached XP level 4. HP: 31/31 MP: 5/5
  1787 | D:3      | Identified the +1 leather armour of the Garden {Harm MP+9}
  1976 | D:3      | Found an ornate altar of the Wu Jian Council.
  2343 | D:3      | Found a stormy altar of Qazlal.
  2490 | D:4      | Found a white marble altar of Elyvilon.
  2526 | D:4      | Noticed Sigmund
  2533 | D:4      | Killed Sigmund
  2534 | D:4      | Reached skill level 1 in Fighting
  2534 | D:4      | Reached skill level 3 in Short Blades
  2534 | D:4      | Reached skill level 3 in Throwing
  2534 | D:4      | Reached skill level 2 in Stealth
  2534 | D:4      | Reached XP level 5. HP: 38/38 MP: 6/6
  2534 | D:4      | Reached XP level 6. HP: 44/44 MP: 7/7
  2553 | D:4      | Noticed Edmund
  2563 | D:4      | Killed Edmund
  2564 | D:4      | Reached skill level 2 in Fighting
  2564 | D:4      | Reached skill level 4 in Short Blades
  2564 | D:4      | Reached skill level 3 in Stealth
  2564 | D:4      | Reached XP level 7. HP: 49/50 MP: 8/8
  2925 | D:4      | Noticed Eustachio
  2941 | D:4      | Found a large runed translucent door.
  2941 | D:4      | Found a large runed translucent door.
  2968 | D:4      | Killed Eustachio
  3285 | D:4      | Found a shimmering blue altar of Sif Muna.
  3295 | D:4      | Found a hazy altar of Hepliaklqana.
  3303 | D:4      | Reached skill level 4 in Throwing
  3331 | D:5      | Entered Level 5 of the Dungeon
  3465 | D:5      | Reached skill level 3 in Fighting
  3503 | D:5      | Reached skill level 5 in Short Blades
  4024 | D:6      | Reached XP level 8. HP: 49/58 MP: 9/9
  4047 | D:6      | Found a staircase to the Ecumenical Temple.
  4062 | Temple   | Entered the Ecumenical Temple
  4263 | D:6      | Reached skill level 4 in Stealth
  4327 | D:6      | Reached skill level 6 in Short Blades
  4430 | D:6      | Reached skill level 4 in Fighting
  4746 | D:6      | Found a glowing golden altar of the Shining One.
  4887 | D:7      | Reached skill level 5 in Throwing
  4887 | D:7      | Reached XP level 9. HP: 65/65 MP: 10/10
  4939 | D:7      | Noticed Pikel
  4961 | D:6      | Killed Pikel
  4962 | D:6      | Reached skill level 7 in Short Blades
  4962 | D:6      | Reached skill level 5 in Stealth
  5034 | D:7      | Found a sand-covered staircase.
  5045 | Ossuary  | Entered an ossuary
  5454 | D:8      | Learned a level 2 spell: Poisonous Vapours
  5459 | D:8      | Learned a level 4 spell: Olgreb's Toxic Radiance
  5584 | D:8      | Reached skill level 5 in Fighting
  5594 | D:8      | Reached skill level 1 in Air Magic
  5594 | D:8      | Reached skill level 1 in Poison Magic
  5734 | D:8      | Noticed a gargoyle
  5734 | D:8      | Noticed Erica
  5921 | D:7      | Reached skill level 2 in Poison Magic
  6001 | D:7      | Found a runed translucent door.
  6002 | D:7      | Noticed Crazy Yiuf
  6009 | D:7      | Killed Crazy Yiuf
  6010 | D:7      | Reached skill level 2 in Air Magic
  6052 | D:7      | Reached XP level 10. HP: 71/71 MP: 12/12
  6079 | D:7      | Noticed Menkaure
  6082 | D:7      | Killed Menkaure
  6208 | D:7      | Reached skill level 8 in Short Blades
  6413 | D:8      | Reached skill level 6 in Stealth
  6449 | D:8      | Reached skill level 6 in Throwing
  6486 | D:8      | Found a blossoming altar of Fedhas.
  6506 | D:8      | Found a radiant altar of Vehumet.
  6512 | D:8      | Found a hide-covered altar of Uskayaw.
  6518 | D:8      | Became a worshipper of Vehumet
  6527 | D:8      | Reached skill level 2 in Spellcasting
  6704 | D:8      | Found a burning altar of Makhleb.
  6824 | D:8      | Killed a gargoyle
  6825 | D:8      | Reached skill level 3 in Air Magic
  6825 | D:8      | Reached skill level 3 in Poison Magic
  6877 | D:8      | Killed Erica
  7034 | D:8      | Reached skill level 3 in Spellcasting
  7235 | D:9      | Reached skill level 4 in Poison Magic
  7251 | D:9      | Reached skill level 4 in Air Magic
  7261 | D:9      | Reached skill level 4 in Dodging
  7317 | D:9      | Reached XP level 11. HP: 80/81 MP: 15/15
  7464 | D:9      | Reached * piety under Vehumet
  7464 | D:9      | Offered knowledge of Kiss of Death by Vehumet.
  7600 | D:9      | Reached skill level 9 in Short Blades
  7717 | D:9      | Found a staircase to the Lair.
  7829 | D:9      | Reached skill level 6 in Fighting
  8072 | D:9      | Reached skill level 4 in Spellcasting
  8213 | D:9      | Reached skill level 5 in Poison Magic
  8504 | D:10     | Entered Level 10 of the Dungeon
  8555 | D:10     | Noticed Maggie
  8585 | D:10     | Reached skill level 5 in Air Magic
  8710 | D:10     | Found Nuziotha's Magic Scroll Shoppe.
  8719 | D:10     | Bought a scroll of identify for 32 gold pieces
  8719 | D:10     | Bought a scroll of identify for 32 gold pieces
  8719 | D:10     | Bought a scroll of poison for 64 gold pieces
  8719 | D:10     | Bought a scroll of identify for 32 gold pieces
  8719 | D:10     | Bought a scroll of teleportation for 48 gold pieces
  8719 | D:10     | Bought a scroll of identify for 32 gold pieces
  8719 | D:10     | Bought a scroll of fear for 64 gold pieces
  8723 | D:10     | Identified a potion of resistance
  8849 | D:10     | Offered knowledge of Static Discharge by Vehumet.
  8863 | D:10     | Reached ** piety under Vehumet
  8886 | D:10     | Reached skill level 7 in Stealth
  8894 | D:10     | Learned a level 2 spell: Static Discharge
  8899 | D:10     | Found a staircase to the Orcish Mines.
  8970 | D:10     | Killed Maggie
  9038 | D:10     | Found an ancient bone altar of Kikubaaqudgha.
  9690 | D:11     | Noticed a white ugly thing
  9740 | D:11     | Reached skill level 1 in Conjurations
  9873 | Lair:1   | Entered Level 1 of the Lair of Beasts
  9902 | Lair:1   | Slain by a cane toad

Vanquished Creatures
  Erica (D:8)
  Pikel (D:6)
  Maggie (D:10)
  A gargoyle (D:8)
  2 trolls
  2 hornets
  Sigmund (D:4)
  A shadow (D:9)
  A yak (D:8)
  3 wyverns (D:9)
  Eustachio (D:4)
  A wraith (D:9)
  2 basilisks
  2 steam dragons (D:9)
  A vampire mosquito (D:9)
  Menkaure (D:7)
  Edmund (D:4)
  3 acid dragons
  6 water moccasins
  5 black bears
  2 sky beasts
  8 orc warriors
  2 ogres
  3 centaurs
  2 wolves (D:9)
  2 lemures (D:7)
  A phantom (D:7)
  A bullfrog (D:8)
  A scorpion (D:4)
  7 wights
  3 howler monkeys
  2 jellies
  12 orc priests
  Crazy Yiuf (D:7)
  3 hounds
  14 orc wizards
  A sleepcap (D:6)
  4 iguanas
  8 mummies (Ossuary)
  5 adders
  A shadow imp (D:8)
  2 ufetubi (D:6)
  A worm (D:2)
  5 dart slugs
  48 orcs
  3 ball pythons
  6 endoplasms
  4 giant cockroaches
  2 gnoll zombies (Ossuary)
  5 hobgoblins
  2 quokkas
  11 bats
  4 frilled lizards
  16 goblins
  A hobgoblin zombie (Ossuary)
  6 kobolds
  2 kobold zombies (Ossuary)
  3 orc zombies (Ossuary)
  3 rats
  A bush (D:8)
245 creatures vanquished.

Vanquished Creatures (others)
  An orc wizard (D:9)
  2 orcs (D:10)
  3 fungi (D:9)
  17 plants (D:9)
23 creatures vanquished.

Grand Total: 268 creatures vanquished

Table legend: (Time is in decaauts)
 A = Elapsed time spent in this place.
 B = Non-inter-level travel time spent in this place.
 C = Inter-level travel time spent in this place.
 D = Time resting spent in this place.
 E = Time spent auto-exploring this place.
 F = Levels seen in this place.
 G = Mean time per level.
                   A        B        C        D        E       F      G
               +--------+--------+--------+--------+--------+-----+--------+
         Total |   9526 |   9055 |    471 |    400 |   6345 |  14 |  680.4 |
       Dungeon |   9033 |   8568 |    465 |    400 |   5997 |  11 |  821.2 |
        Temple |    197 |    192 |      5 |      0 |    185 |   1 |  197.0 |
          Lair |     24 |     24 |      0 |      0 |      8 |   1 |   24.0 |
       Ossuary |    270 |    270 |      0 |      0 |    155 |   1 |  270.0 |
               +--------+--------+--------+--------+--------+-----+--------+

Top non-repeatable levels by time:
     D:9: 1273 daAuts
     D:8: 1191 daAuts
    D:10: 939 daAuts
     D:4: 876 daAuts
     D:2: 872 daAuts
     D:1: 861 daAuts
     D:6: 700 daAuts
     D:7: 694 daAuts
     D:3: 693 daAuts
     D:5: 667 daAuts
 Ossuary: 270 daAuts
    D:11: 264 daAuts
  Temple: 197 daAuts
  Lair:1: 24 daAuts

Table legend:
 A = Non-vault XP
 B = Vault XP
 C = Vault XP percentage of total XP
 D = Non-vault monster count
 E = Vault monster count
 F = Vault count percentage of total count
                 A         B        C        D         E       F
            +---------+---------+-------+---------+---------+-------
      Total |    5161 |    8270 |  61.6 |     164 |      80 |  32.8
            +---------+---------+-------+---------+---------+-------
        D:1 |      33 |       1 |   2.9 |      20 |       1 |   4.8
        D:2 |      42 |       0 |   0.0 |      18 |       0 |   0.0
        D:3 |      25 |       0 |   0.0 |      13 |       0 |   0.0
        D:4 |     142 |     605 |  81.0 |      13 |       5 |  27.8
        D:5 |     130 |       0 |   0.0 |       8 |       0 |   0.0
        D:6 |     724 |     819 |  53.1 |      17 |       3 |  15.0
        D:7 |     676 |     288 |  29.9 |      17 |       5 |  22.7
        D:8 |     662 |    2676 |  80.2 |      17 |      12 |  41.4
        D:9 |    1586 |    2713 |  63.1 |      21 |      20 |  48.8
       D:10 |     439 |    1015 |  69.8 |      13 |      18 |  58.1
       D:11 |     702 |       0 |   0.0 |       7 |       0 |   0.0
    Ossuary |       0 |     153 | 100.0 |       0 |      16 | 100.0
            +---------+---------+-------+---------+---------+-------
